 Dungeon Crawl Stone Soup version 0.18.1-50-g88ac8fd (webtiles) character file.

98169 Gianozzolo the Brawler (level 15, -2/132 HPs)
             Began as a Red Draconian Transmuter on Nov 30, 2017.
             Was the Champion of Makhleb.
             Slain by an orc knight
             ... wielding a cursed -3 halberd
              (14 damage)
             ... on level 15 of the Dungeon.
             The game lasted 01:24:06 (28049 turns).

Gianozzolo the Brawler (Red Draconian Transmuter)  Turns: 28049, Time: 01:24:07

Health: -2/132     AC: 15    Str: 13    XL:     15   Next: 74%
Magic:  23/25      EV: 17    Int: 19    God:    Makhleb [******]
Gold:   2024       SH:  0    Dex: 12    Spells: 6 memorised, 8 levels left

rFire  + . .     SeeInvis .       - Unarmed
rCold  . . .     Gourm    .     (armour unavailable)
rNeg   + + .     Faith    .     (shield currently unavailable)
rPois  .         Spirit   .     (helmet restricted)
rElec  .         Dismiss  .     P - +2 cloak of Rykaotiw {*Drain rN++}
rCorr  .         Reflect  .     (gloves currently unavailable)
SustAt .         Harm     .     J - +2 pair of boots {run}
MR     +....                    Q - amulet of regeneration
Stlth  +.........               k - +5 ring of slaying
                                f - +3 ring of evasion

@: about to teleport, short of breath, blade hands, flayed, quick, somewhat
resistant to hostile enchantments, very unstealthy
A: breathe fire, unfitting armour, fire resistance 1, cold-blooded, AC +9
a: Breathe Fire, End Transformation, Minor Destruction, Lesser Servant of
Makhleb, Major Destruction, Greater Servant of Makhleb, Renounce Religion


You were on level 15 of the Dungeon.
You worshipped Makhleb.
Makhleb was exalted by your worship.
You were not hungry.
You had blades for hands.
You visited 4 branches of the dungeon, and saw 26 of its levels.
You also visited: Labyrinth.

You collected 2377 gold pieces.
You spent 353 gold pieces at shops.

Inventory:

Armour
 B - a +2 pair of gloves of strength (melded)
 J - a +2 pair of boots of running (worn)
 P - the +2 cloak of Rykaotiw (worn) {*Drain rN++}
   (You acquired it on level 13 of the Dungeon)

   It greatly protects you from negative energy.
   It causes draining when unequipped.
Rods
 t - a +0 rod of clouds (14/14)
   (You took it off a minotaur in a labyrinth)
Jewellery
 f - a +3 ring of evasion (left scythe-like blade)
 k - a +5 ring of slaying (right scythe-like blade)
 s - an uncursed ring of wizardry
 E - an uncursed ring of poison resistance
 I - a +3 amulet of reflection
 K - an uncursed ring of protection from magic
 Q - an amulet of regeneration (around neck)
 R - an uncursed ring of resist corrosion
 V - an uncursed ring of sustain attributes
Scrolls
 a - 5 scrolls of teleportation
 b - 5 scrolls of amnesia
 d - 2 scrolls of enchant armour
 e - 13 scrolls of identify
 h - 5 scrolls of remove curse
 j - a scroll of torment
 l - 4 scrolls of recharging
 n - a scroll of enchant weapon
 r - 3 scrolls of blinking
 w - 2 scrolls of magic mapping
 M - 3 scrolls of fog
 W - 2 scrolls of vulnerability
Potions
 i - 8 potions of invisibility
 o - 3 potions of lignification
 q - 4 potions of cancellation
 v - 4 potions of magic
 C - 8 potions of curing
 F - a potion of haste
 G - 3 potions of agility
 H - a potion of might
 S - a potion of heal wounds
 U - a potion of brilliance
Books
 u - a book of Spatial Translocations

   Spells                             Type                      Level
   a - Apportation                    Translocation                1
   b - Blink                          Translocation                2
   c - Shroud of Golubria             Charms/Translocation         2
   d - Portal Projectile              Translocation                3
   e - Teleport Other                 Translocation                3
   f - Passage of Golubria            Translocation                4
 y - a book of the Earth

   Spells                             Type                      Level
   a - Leda's Liquefaction            Hexes/Earth                  4
   b - Bolt of Magma                  Conjuration/Fire/Earth       5
   c - Statue Form                    Transmutation/Earth          6
   d - Iron Shot                      Conjuration/Earth            6
   e - Shatter                        Earth                        9
 D - a book of Party Tricks

   Spells                             Type                      Level
   a - Summon Butterflies             Summoning                    1
   b - Apportation                    Translocation                1
   c - Tukima's Dance                 Hexes                        3
   d - Alistair's Intoxication        Transmutation/Poison         5
   e - Invisibility                   Hexes                        6
 N - a book of Unlife

   Spells                             Type                      Level
   a - Recall                         Summoning/Translocation      3
   b - Animate Dead                   Necromancy                   4
   c - Control Undead                 Necromancy                   4
   d - Cigotuvi's Embrace             Necromancy                   5
   e - Death Channel                  Necromancy                   6
   f - Simulacrum                     Ice/Necromancy               6
 O - a book of Battle

   Spells                             Type                      Level
   a - Infusion                       Charms                       1
   b - Shroud of Golubria             Charms/Translocation         2
   c - Song of Slaying                Charms                       2
   d - Spectral Weapon                Hexes/Charms                 3
   e - Regeneration                   Charms/Necromancy            3
 T - a book of Envenomations

   Spells                             Type                      Level
   a - Spider Form                    Transmutation/Poison         3
   b - Olgreb's Toxic Radiance        Poison                       4
   c - Alistair's Intoxication        Transmutation/Poison         5
   d - Poisonous Cloud                Conjuration/Poison/Air       6
Comestibles
 c - 13 bread rations
 m - 3 slices of pizza
 x - 10 meat rations
 z - 12 royal jellies
 A - 8 beef jerkies
 L - 2 fruits


   Skills:
 - Level 12.0 Fighting
 - Level 5.0 Dodging
 + Level 17.2 Unarmed Combat
 - Level 5.0 Spellcasting
 - Level 6.0 Translocations
 - Level 11.0 Transmutations
 - Level 1.4 Poison Magic
 + Level 14.3 Invocations


You had 8 spell levels left.
You knew the following spells:

 Your Spells              Type           Power        Failure   Level  Hunger
a - Beastly Appendage     Trmt           #####.       10%         1    None
b - Spider Form           Trmt/Pois      ####......   28%         3    ##.....
c - Blade Hands           Trmt           #####.....   32%         5    ######.
d - Ice Form              Ice/Trmt       ####....     54%         4    ####...
e - Apportation           Tloc           ####......   17%         1    None
f - Blink                 Tloc           N/A          17%         2    #......


Dungeon Overview and Level Annotations

Branches:
Dungeon (15/15)            Temple (1/1) D:4            Lair (8/8) D:10
  Swamp (0/4) Lair:6       Spider (0/4) Lair:5        Slime (0/6) Lair:8
    Orc (2/2) D:11            Elf (0/3) Orc:2        Vaults (0/5) D:13
 Depths (0/5) D:15

Altars:
Cheibriados
Dithmenos
Elyvilon
Gozag
Makhleb
Pakellas
Qazlal
Vehumet
Xom
Beogh

Shops:
D:11 (   D:12 }   Orc:2 *?([

Portals:
Trove: D:14 (give +6 demon whip)

Annotations:
Lair:2 exclusion: ice statue


Innate Abilities, Weirdness & Mutations

You can breathe blasts of fire.
Your fiery red scales are hard (AC +9).
Your body does not fit into most forms of armour.
Your flesh is heat resistant.
You are cold-blooded and may be slowed by cold attacks.


Message History

You feel strangely unstable.
The deep elf archer shoots an arrow.
The arrow hits you!!
* * * LOW HITPOINT WARNING * * *
The rakshasa blinks!
Drink which item? (? for menu, Esc to quit)
You feel much better.
The deep elf archer shoots an arrow.
The arrow hits you!!
* * * LOW HITPOINT WARNING * * *
You hear a shout!
Drink which item? (? for menu, Esc to quit)
You feel much better.
The deep elf archer shoots an arrow.
The arrow hits you but does no damage.
The orc knight hits you from afar with an enchanted halberd!
* * * LOW HITPOINT WARNING * * *
The flayed ghost hits you!!
* * * LOW HITPOINT WARNING * * *
Drink which item? (? for menu, Esc to quit)
You feel much better.
The deep elf archer shoots an arrow.
The arrow hits you!
* * * LOW HITPOINT WARNING * * *
The orc knight hits you from afar with an enchanted halberd!
You die...

##########
#........#
#........#
#...(....########
#...............#
#........######..
#........######
###..c.@........#
.....oe(WO#####.##
####.####)# #..##
.c #(# ##..####
#.. #§# ##....##
#. #W# #.....#..#
.


cD8.OC§O# #.....##.## .e....#.. #.....##..# .§....#.......######.. You could see
a yaktaur captain, an orc knight, a flayed ghost, a centaur warrior, an ogre
mage and a deep elf archer.

Vanquished Creatures
  Rupert (Lair:4)
  Maud (D:14)
  Snorg (Lair:5)
  A fire dragon (Lair:8)
  An ettin (D:15)
  A minotaur (Lab)
  A vault guard (D:13)
  An ice dragon (Lair:2)
  6 hydras
  2 centaur warriors
  Erolcha (D:8)
  4 ogre magi
  A tengu warrior (D:15)
  A death yak (Lair:8)
  A hell knight (D:15)
  3 deep trolls
  2 unseen horrors
  A deep elf archer (D:15)
  A flayed ghost (D:15)
  A phantasmal warrior (D:13)
  2 wolf spider zombies (D:13)
  7 hill giants
  A wolf spider (Lair:8)
  2 orc knights (Orc:1)
  A deep elf mage (D:15)
  2 manticores (D:11)
  A necromancer (D:13)
  A griffon (Lair:6)
  7 cyclopes
  5 ugly things
  2 torpor snails
  6 elephants (Lair:8)
  10 black mambas
  Joseph (D:8)
  A guardian serpent (Lair:8)
  Maurice (D:12)
  3 centaur skeletons
  13 spiny frogs
  2 gargoyles
  2 rime drakes (Lair:8)
  11 komodo dragons
  A freezing wraith (D:12)
  A queen bee (Lair:5)
  12 trolls
  A polar bear (shapeshifter) (D:13)
  3 polar bears
  6 two-headed ogres
  A jumping spider (Lair:5)
  A merfolk (D:14)
  A boulder beetle (Lair:8)
  19 blink frogs
  12 slime creatures
  3 redbacks
  2 water elementals (D:12)
  69 yaks
  A shadow (D:13)
  7 wyverns
  Grum (D:8)
  Eustachio (D:5)
  6 basilisks
  12 hippogriffs
  A hungry ghost (D:8)
  A steam dragon (Lair:8)
  5 vampire mosquitoes
  6 mottled dragons
  4 wargs
  Duvessa (D:5)
  11 porcupines
  21 water moccasins
  22 orc warriors
  5 sky beasts
  3 black bears
  27 ogres
  4 wasps
  2 necrophages
  13 ice beasts
  3 phantoms
  4 wolves (D:7)
  6 centaurs
  19 crocodiles
  2 gnoll sergeants
  24 giant frogs
  Dowan (D:5)
  3 scorpions
  22 killer bees
  An electric eel (D:12)
  8 howler monkeys
  11 wights
  4 crimson imps
  A giant frog zombie (D:6)
  A quasit (D:8)
  2 centaur zombies
  8 hounds
  3 jellies
  21 orc priests
  A giant frog skeleton (D:11)
  18 iguanas
  19 orc wizards
  15 worker ants
  Natasha (thrice) (D:2)
  42 sheep
  3 hound skeletons
  2 hound zombies
  A worker ant zombie (D:11)
  7 gnolls
  23 adders
  81 river rats
  5 shadow imps
  A white imp (Lair:2)
  4 oozes (Lair:8)
  An adder zombie (D:5)
  3 worms
  A dart slug (D:1)
  6 giant geckos
  101 orcs
  A ball python (D:1)
  11 giant cockroaches
  5 goblins
  9 hobgoblins
  7 jackals
  7 quokkas
  10 bats
  A giant gecko skeleton (D:7)
  7 giant newts
  7 kobolds
  3 rats
  2 fungi
950 creatures vanquished.

Vanquished Creatures (others)
  An unseen horror (D:15)
  An elephant (Lair:8)
  A bat (D:3)
  6 fungi
  9 plants
18 creatures vanquished.

Grand Total: 968 creatures vanquished

Notes
Turn   | Place    | Note
--------------------------------------------------------------
     0 | D:1      | Gianozzolo the Draconian Transmuter began the quest for the Orb.
     0 | D:1      | Reached XP level 1. HP: 16/16 MP: 3/3
    49 | D:1      | Reached XP level 2. HP: 14/23 MP: 3/5
   413 | D:1      | Reached XP level 3. HP: 28/28 MP: 4/6
   418 | D:1      | Learned a level 3 spell: Spider Form
   861 | D:2      | Noticed Natasha
   868 | D:2      | Killed Natasha
   868 | D:2      | Reached XP level 4. HP: 26/35 MP: 3/7
  1038 | D:2      | Noticed Natasha
  1045 | D:2      | Killed Natasha
  1045 | D:2      | Reached skill level 4 in Unarmed Combat
  1045 | D:2      | Reached skill level 1 in Poison Magic
  1095 | D:2      | Noticed Natasha
  1107 | D:2      | Killed Natasha
  1810 | D:3      | Reached XP level 5. HP: 36/40 MP: 6/8
  2587 | D:3      | Found a shadowy altar of Dithmenos.
  2589 | D:3      | Found a snail-covered altar of Cheibriados.
  2589 | D:3      | Found a radiant altar of Vehumet.
  2592 | D:3      | Found an opulent altar of Gozag.
  2630 | D:3      | Reached skill level 5 in Transmutations
  2640 | D:3      | Found a stormy altar of Qazlal.
  2692 | D:3      | Reached XP level 6. HP: 47/47 MP: 5/9
  2723 | D:3      | Learned a level 5 spell: Blade Hands
  3671 | D:4      | Reached skill level 5 in Unarmed Combat
  3987 | D:4      | Found an oddly glowing altar of Pakellas.
  4042 | D:4      | Your scales start taking on a fiery red colour.
  4042 | D:4      | Reached XP level 7. HP: 52/52 MP: 6/10
  4042 | D:4      | Gained mutation: Your flesh is heat resistant. [Red Draconian growth]
  4092 | D:4      | Found a staircase to the Ecumenical Temple.
  4172 | Temple   | Entered the Ecumenical Temple
  4204 | Temple   | Became a worshipper of Makhleb the Destroyer
  4540 | D:5      | Entered Level 5 of the Dungeon
  4540 | D:5      | Noticed Dowan
  4541 | D:5      | Noticed Duvessa
  4551 | D:5      | Killed Duvessa
  4609 | D:5      | Killed Dowan
  4638 | D:5      | Noticed Eustachio
  4670 | D:5      | Killed Eustachio
  5394 | D:6      | Reached skill level 6 in Unarmed Combat
  5394 | D:6      | Reached XP level 8. HP: 49/59 MP: 11/11
  5624 | D:6      | Reached skill level 7 in Unarmed Combat
  5799 | D:6      | Reached * piety under Makhleb
  5976 | D:6      | Found a white marble altar of Elyvilon.
  5990 | D:6      | Reached XP level 9. HP: 43/64 MP: 7/14
  6291 | D:7      | Reached skill level 8 in Unarmed Combat
  6421 | D:7      | Reached ** piety under Makhleb
  6544 | D:7      | Reached skill level 9 in Unarmed Combat
  6776 | D:8      | Noticed Grum
  7035 | D:7      | Reached skill level 5 in Spellcasting
  7116 | D:8      | Killed Grum
  7116 | D:8      | Reached skill level 10 in Unarmed Combat
  7172 | D:8      | Reached skill level 1 in Invocations
  7194 | D:8      | Noticed Joseph
  7242 | D:8      | Noticed Erolcha
  7254 | D:7      | Reached XP level 10. HP: 23/75 MP: 17/17
  7677 | D:7      | Reached *** piety under Makhleb
  8162 | D:8      | Killed Erolcha
  8162 | D:8      | Reached skill level 11 in Unarmed Combat
  8189 | D:8      | Learned a level 4 spell: Ice Form
  8239 | D:8      | Killed Joseph
  8340 | D:8      | Reached **** piety under Makhleb
  8615 | D:9      | Reached skill level 5 in Fighting
  9227 | D:10     | Entered Level 10 of the Dungeon
  9400 | D:10     | Reached ***** piety under Makhleb
  9429 | D:10     | Found a staircase to the Lair.
  9494 | D:10     | Noticed a hill giant
  9503 | D:10     | Killed a hill giant
  9503 | D:10     | Reached skill level 5 in Invocations
  9503 | D:10     | Reached XP level 11. HP: 89/89 MP: 13/18
  9559 | D:10     | Identified a +1 pair of boots of running (You found it on level 10 of the Dungeon)
  9617 | D:10     | Reached skill level 12 in Unarmed Combat
 10053 | D:10     | Noticed a hill giant
 10059 | D:10     | Killed a hill giant
 10437 | D:11     | Found Norhi's Weapon Boutique.
 10448 | D:11     | Noticed a hill giant
 10461 | D:11     | Killed a hill giant
 10575 | D:11     | Found a staircase to the Orcish Mines.
 10619 | D:11     | Learned a level 1 spell: Apportation
 10622 | D:11     | Learned a level 2 spell: Blink
 10775 | D:11     | Noticed a green ugly thing
 10783 | D:11     | Killed a green ugly thing
 11018 | D:11     | Noticed a purple ugly thing
 11024 | D:11     | Killed a purple ugly thing
 11389 | D:12     | Noticed a green ugly thing
 11398 | D:12     | Killed a green ugly thing
 11606 | D:12     | Reached skill level 5 in Dodging
 11623 | D:12     | Reached skill level 1 in Translocations
 12061 | D:12     | Reached XP level 12. HP: 101/101 MP: 13/19
 12141 | D:12     | Noticed Maurice
 12150 | D:12     | Killed Maurice
 12564 | D:12     | Found Wyblueloy's Gadget Shop.
 12864 | D:13     | Found a labyrinth entrance.
 12869 | Lab      | Entered a labyrinth
 13112 | Lab      | Noticed a minotaur
 13119 | Lab      | HP: 4/101 [minotaur/rod of clouds (18)]
 13120 | Lab      | Killed a minotaur
 13141 | Lab      | Identified the Guide on Envenoming
 13152 | Lab      | Identified a +0 rod of clouds (3/14) (You took it off a minotaur in a labyrinth)
 13357 | D:13     | Noticed a centaur warrior
 13370 | D:13     | Killed a centaur warrior
 13370 | D:13     | Reached skill level 10 in Invocations
 13417 | D:13     | Identified a scroll of acquirement
 13763 | D:13     | Got a smoking cloak
 13774 | D:13     | Identified the +2 cloak of Rykaotiw {*Drain rN++} (You acquired it on level 13 of the Dungeon)
 14069 | D:13     | Noticed a vault guard
 14073 | D:13     | Reached skill level 5 in Translocations
 14081 | D:13     | Killed a vault guard
 14090 | D:13     | Found a gate to the Vaults.
 14531 | D:14     | Noticed Maud
 14541 | D:14     | Killed Maud
 14541 | D:14     | Reached XP level 13. HP: 58/107 MP: 16/22
 15156 | D:14     | Found a portal to a secret trove of treasure.
 15542 | Lair:1   | Entered Level 1 of the Lair of Beasts
 16201 | Lair:1   | Reached ****** piety under Makhleb
 16692 | Lair:2   | Reached skill level 13 in Unarmed Combat
 18861 | Lair:4   | Noticed Rupert
 18868 | Lair:4   | Killed Rupert
 18868 | Lair:4   | Reached skill level 14 in Unarmed Combat
 19451 | Lair:5   | Found a hole to the Spider Nest.
 19672 | Lair:5   | Noticed Snorg
 19681 | Lair:5   | Killed Snorg
 19784 | Lair:5   | Reached XP level 14. HP: 115/115 MP: 14/24
 20653 | Lair:5   | Reached skill level 15 in Unarmed Combat
 21764 | Lair:6   | Found a staircase to the Swamp.
 23254 | Lair:7   | Reached skill level 16 in Unarmed Combat
 23666 | Lair:8   | Entered Level 8 of the Lair of Beasts
 24363 | Lair:8   | Reached skill level 10 in Fighting
 24808 | Lair:8   | Found a staircase to the Slime Pits.
 24849 | Lair:8   | Reached XP level 15. HP: 128/128 MP: 25/25
 25003 | Lair:8   | Reached skill level 17 in Unarmed Combat
 25461 | Orc:1    | Entered Level 1 of the Orcish Mines
 25929 | Orc:2    | Entered Level 2 of the Orcish Mines
 26647 | Orc:2    | Found Ruragra's General Store.
 26694 | Orc:2    | Found a roughly hewn altar of Beogh.
 26698 | Orc:2    | Found a staircase to the Elven Halls.
 26843 | Orc:2    | Reached skill level 10 in Transmutations
 26988 | Orc:2    | Found Cumufai's Antique Armour Shop.
 26989 | Orc:2    | Found Wittys's Antique Weapon Boutique.
 26994 | Orc:2    | Found Zuguugush's Magic Scroll Emporium.
 26996 | Orc:2    | Bought a pair of glowing gloves for 139 gold pieces
 27012 | Orc:2    | Bought a scroll of vulnerability for 97 gold pieces
 27012 | Orc:2    | Bought a scroll of teleportation for 39 gold pieces
 27012 | Orc:2    | Bought a scroll of teleportation for 39 gold pieces
 27012 | Orc:2    | Bought a scroll of teleportation for 39 gold pieces
 27515 | D:15     | Entered Level 15 of the Dungeon
 27787 | D:15     | Found a staircase to the Depths.
 28045 | D:15     | HP: 4/132 [deep elf archer/arrow (25)]
 28049 | D:15     | Slain by an orc knight

Skill      XL: |  1  2  3  4  5  6  7  8  9 10 11 12 13 14 15 |
---------------+----------------------------------------------+-----
Transmutations | 3 4 5 6 7 8 9 11 | 11.0
Unarmed Combat | 4 5 6 7 10 11 12 14 16 17 | 17.2
Poison Magic   | 1 |  1.4
Spellcasting   | 3 5 |  5.0
Fighting       | 2 5 8 10 12 | 12.0
Invocations    | 1 5 8 12 14 | 14.3
Dodging        | 5 |  5.0
Translocations | 2 6 |  6.0

Action                   |  1- 3 |  4- 6 |  7- 9 | 10-12 | 13-15 || total
-------------------------+-------+-------+-------+-------+-------++-------
Melee: Unarmed           |    95 |   230 |   181 |   521 |  1575 ||  2602
       Kick              |    10 |     8 |       |       |       ||    18
       Tailslap          |     4 |     9 |    14 |    74 |   175 ||   276
       Headbutt          |     4 |     3 |     1 |       |       ||     8
       Punch             |       |     1 |     2 |    16 |    74 ||    93
 Cast: Beastly Appendage |    19 |    11 |     1 |     1 |       ||    32
       Spider Form       |     1 |    20 |     8 |     3 |       ||    32
       Blade Hands       |       |       |       |    44 |    70 ||   114
       Ice Form          |       |       |       |       |     5 ||     5
 Abil: Breathe Fire      |       |       |    33 |    40 |    24 ||    97
       End Transformatio |       |       |     1 |       |       ||     1
  Use: Potion            |       |     1 |       |     1 |     8 ||    10
       Scroll            |       |       |       |    31 |    12 ||    43
 Stab: Sleeping          |       |     1 |       |       |     2 ||     3
  Eat: Chunk             |       |    14 |    23 |    55 |    58 ||   150
       Fruit             |       |       |       |       |     1 ||     1
       Bread ration      |       |       |       |       |     1 ||     1
       Royal jelly       |       |       |       |       |     1 ||     1
Armor: Skin              |    23 |    29 |    36 |   128 |   368 ||   584
Dodge: Dodged            |    61 |   156 |   156 |   352 |  1240 ||  1965
